 Dungeon Crawl Stone Soup version 0.29.0-5-ge4962eb29e (webtiles) character file.

Game seed: 15246526143645978048

43407 browni3141 the Grappler (level 13, -1/100 (114) HPs)
             Began as a Troll Cinder Acolyte on Aug 30, 2022.
             Was a Follower of Hepliaklqana.
             Slain by a spectral orc warlord (14 damage)
             ... summoned by Nergalle
             ... on level 2 of the Orcish Mines.
             The game lasted 00:47:41 (18388 turns).

browni3141 the Grappler (Troll Cinder Acolyte)     Turns: 18388, Time: 00:47:42

HP:   -1/100 (114)  AC: 10    Str: 29    XL:     13   Next: 90%
MP:   15/15         EV:  8    Int: 10    God:    Hepliaklqana [*.....]
Gold: 1625          SH:  9    Dex:  5    Spells: 14/14 levels left

rFire   . . .      SeeInvis .     - Unarmed
rCold   + . .      Faith    .   L - +0 kite shield
rNeg    . . .      Spirit   .   Z - +2 troll leather armour {Snorg}
rPois   .          Reflect  .   Y - +2 hat {Will+}
rElec   .          Harm     .   A - scarf {rC+ rF+}
rCorr   .          Rampage  .   (gloves unavailable)
Will    +++..                   (boots unavailable)
Stlth   +.........              (no amulet)
HPRegen 1.86/turn               m - ring of willpower
MPRegen 0.14/turn               M - ring of willpower

@: about to teleport, studying Stealth, heavily drained, fire susceptible
A: reduced essence, large, unfitting armour, claws 3, regeneration 1, shaggy fur
1, tough skin 1
a: Renounce Religion, Recall Ancestor, Ancestor Identity


You were on level 2 of the Orcish Mines.
You worshipped Hepliaklqana.
Hepliaklqana was aware of your devotion.
You visited 4 branches of the dungeon, and saw 19 of its levels.
You also visited: Ossuary.

You collected 1975 gold pieces.
You spent 350 gold pieces at shops.


Innate Abilities, Weirdness & Mutations

Your life essence is reduced to manifest your ancestor. (-10% HP)
You are too large for most types of armour.
You have claws for hands.
Your natural rate of healing is unusually fast.
You are covered in fur. (AC +1)
You have tough skin. (AC +1)


   Skills:
 - Level 8.0 Fighting
 - Level 12.0 Throwing
 - Level 10.0 Shields
 * Level 14.1 Unarmed Combat
 - Level 1.0 Spellcasting
 - Level 2.1 Fire Magic
 - Level 5.0 Invocations
 - Level 3.0 Evocations


You had 14 spell levels left.
You didn't know any spells.
Your spell library contained the following spells:

 Spells                   Type           Power      Damage    Failure   Level
 Scorch                   Fire           8%         2d5       41%         2
 Foxfire                  Conj/Fire      8%         2x1d4     43%         1
 Magic Dart               Conj           0%         1d3       58%         1
 Necrotise                Necr           0%         1d4       58%         1
 Summon Small Mammal      Summ           0%         N/A       58%         1
 Call Imp                 Summ           0%         N/A       73%         2
 Ensorcelled Hibernation  Hex/Ice        0%         N/A       73%         2
 Passwall                 Tmut/Erth      0%         N/A       73%         2
 Conjure Flame            Conj/Fire      2%         6-21      80%         3
 Inner Flame              Hex/Fire       2%         N/A       80%         3
 Call Canine Familiar     Summ           0%         N/A       91%         3
 Mephitic Cloud           Conj/Pois/Air  0%         N/A       91%         3
 Portal Projectile        Hex/Tloc       0%         N/A       91%         3
 Summon Guardian Golem    Hex/Summ       0%         N/A       91%         3
 Swiftness                Air            0%         N/A       91%         3
 Tukima's Dance           Hex            0%         N/A       91%         3
 Vampiric Draining        Necr           0%         2d6       91%         3
 Flame Wave               Conj/Fire      2%         2d4       99%         4
 Airstrike                Air            0%         2d(0-16)  100%        4
 Summon Lightning Spire   Summ/Air       0%         N/A       100%        4
 Agony                    Necr           0%         N/A       100%        5
 Blade Hands              Tmut           0%         N/A       100%        5
 Lightning Bolt           Conj/Air       0%         1d11      100%        5
 Summon Cactus Giant      Summ           0%         N/A       100%        6

Inventory:

Hand Weapons
 b - a +1 sling
Missiles
 c - 4 javelins
 n - 2 throwing nets
 B - 5 poisoned darts {@f3}
 J - 5 atropa-tipped darts
 R - 13 boomerangs (quivered)
 W - 7 large rocks
Armour
 A - a scarf of resistance (worn)
 L - a +0 kite shield (worn)
 Y - a +2 hat of willpower (worn)
 Z - a +2 troll leather armour (worn) {Snorg}
Jewellery
 m - a ring of willpower (left claw)
 v - a ring of see invisible
 C - a ring of ice
 F - a ring of protection from fire
 I - a +6 ring of intelligence
 M - a ring of willpower (right claw)
 N - a ring of positive energy
Wands
 j - a wand of paralysis (14)
 s - a wand of digging (2)
 Q - a wand of flame (8)
 T - a wand of roots (8)
 U - a wand of acid (3)
Scrolls
 d - 6 scrolls of teleportation {@r4}
 e - 3 scrolls of butterflies
 g - 3 scrolls of fear
 h - 5 scrolls of enchant weapon
 o - 3 scrolls of vulnerability {!r}
 p - 3 scrolls of noise {!r}
 u - 3 scrolls of magic mapping
 x - 5 scrolls of poison {!r@f3}
 y - a scroll of blinking {@r3}
 z - 3 scrolls of amnesia
 S - a scroll of immolation {!r}
 V - a scroll of torment {!r}
 X - a scroll of enchant armour
Potions
 a - a potion of magic
 f - 8 potions of might
 i - 7 potions of curing {@q1}
 k - 2 potions of heal wounds {@q2}
 l - 2 potions of flight
 q - 4 potions of attraction {!q}
 r - 3 potions of mutation {!q}
 t - 5 potions of degeneration {!q}
 w - 4 potions of lignification {!q}
 D - 3 potions of haste {@q3}
 E - 5 potions of berserk rage {!q}
 G - a potion of brilliance
 K - a potion of cancellation
 O - 3 potions of invisibility

Dungeon Overview and Level Annotations

Branches:
Dungeon (11/15)            Temple (1/1) D:4            Lair (5/5) D:11
  Swamp (0/4) Lair:3       Spider (0/4) Lair:3        Slime (0/5) Lair:4
    Orc (2/2) D:10            Elf (0/3) Orc:2       Ossuary (visited)

Altars:
Ashenzari
Cheibriados
Dithmenos
Elyvilon
Fedhas
Gozag
Hepliaklqana
Kikubaaqudgha
Makhleb
Nemelex Xobeh
Okawaru
Qazlal
Ru
Sif Muna
Trog
Uskayaw
Vehumet
Wu Jian
Xom
Yredelemnul
Zin
The Shining One
Jiyva

Shops:
Orc:1 =   Orc:2 =

Annotations:
D:11 1 runed translucent door
Lair:1 exclusion: oklob plant
Lair:4 exclusion: oklob plant
Orc:2 Nergalle

............................#.##
.............................##
......##.....................#
..#).#.#.........¦¦.....¦¦...#
..[##))...)......¦¦.....¦¦...#
...###.......................#
..###.........§.Z...........##
)###...........ZZ¦¦.....¦¦..# .#
#.....###..§#@¦¦.....¦¦.##
.####....####..##ZZ.......## ..#
###....##...#ZZR)..§≈≈### ..#
##..§§≈≈≈§§¦¦§o..≈¦¦≈§§ ..##
##≈§≈≈≈§≈≈¦¦≈oo.≈¦¦≈§§ ...#
#≈≈§≈≈¦¦¦≈≈≈≈§§§§≈≈≈¦¦ #..##
≈≈≈≈¦¦¦∩¦¦¦≈≈...≈§¦¦¦8¦¦¦ #...#
¦¦¦§¦.....¦≈≈.).≈§¦.....¦ #...##
¦≈¦¦¦..¦..¦¦≈.).§¦¦..¦..¦¦


You could see the friendly Nefertari the ancestor, Nergalle (ally target), a
spectral orc (summoned), 4 spectral orc warriors, a spectral orc knight
(summoned), a spectral orc warlord (summoned) and 2 orc wizards.


Message History

Unknown command.
You mangle the spectral orc warrior!!
You destroy the spectral orc warrior!
The spectral orc warrior disappears in a puff of smoke!
The spectral orc warrior hits you from afar with a +0 trident.
* * * LOW HITPOINT WARNING * * *
You feel drained.
* * * LOW HITPOINT WARNING * * *
The spectral orc closely misses you.
The spectral orc warrior hits you from afar with a +0 trident.
* * * LOW HITPOINT WARNING * * *
Nefertari hits Nergalle but does no damage.
Nergalle hits Nefertari with a +4 dagger of protection!
The spectral orc warlord hits you!
* * * LOW HITPOINT WARNING * * *
Unknown command.
You feel better.
The spectral orc warrior hits you from afar with a +0 trident.
* * * LOW HITPOINT WARNING * * *
You block the spectral orc's attack.
The spectral orc warrior hits you from afar with a +0 trident!
* * * LOW HITPOINT WARNING * * *
You feel drained.
* * * LOW HITPOINT WARNING * * *
The spectral orc knight hits you with a +0 great mace!!
* * * LOW HITPOINT WARNING * * *
Nefertari hits Nergalle but does no damage.
Nergalle hits Nefertari with a +4 dagger of protection!
The spectral orc warlord hits you!
You die...

Skill      XL: |  1  2  3  4  5  6  7  8  9 10 11 12 13 |
---------------+----------------------------------------+-----
Unarmed Combat | 4 5 6 8 10 12 13 14 | 14.1
Fighting       | 3 4 5 6 7 8 |  8.0
Evocations     | 2 3 |  3.0
Shields        | 2 9 10 | 10.0
Throwing       | 1 9 12 | 12.0
Invocations    | 5 |  5.0
Spellcasting   | |  1.0
Fire Magic     | |  2.1

Action                   |  1- 3 |  4- 6 |  7- 9 | 10-12 | 13-15 || total
-------------------------+-------+-------+-------+-------+-------++-------
Melee: Unarmed           |    90 |    93 |   396 |   604 |   421 ||  1604
       Punch             |     1 |       |    14 |    13 |       ||    28
 Fire: Sling             |     8 |    15 |       |       |       ||    23
Throw: Dart              |       |       |     6 |    49 |    20 ||    75
       Stone             |       |       |     3 |       |       ||     3
       Boomerang         |       |       |       |       |    39 ||    39
       Large rock        |       |       |       |       |    10 ||    10
Invok: Foxfire Swarm     |       |       |       |     4 |     3 ||     7
       Fiery Armour      |       |       |       |     2 |     1 ||     3
Evoke: Wand              |       |     3 |     1 |    10 |     4 ||    18
  Use: Scroll            |       |       |       |       |    26 ||    26
       Potion            |       |       |       |       |     3 ||     3
 Stab: Paralysed         |       |    12 |       |     8 |       ||    20
Armor: Robe              |    39 |    26 |   100 |       |       ||   165
       Steam dragon scal |       |       |    39 |    88 |       ||   127
       Troll leather arm |       |       |       |    75 |   133 ||   208
Dodge: Dodged            |    37 |    37 |   163 |   239 |   105 ||   581
Block: Kite shield       |       |       |       |   169 |   137 ||   306

Levels and vault maps discovered:
D:1:      dpeg_arrival_rhombi, layout_loops_corners, minmay_box_of_dots
D:2:      kennysheep_big_flooded_room, layout_basic,
          shapermc_ecumenical_altar_acropolis, roderic_lattice_a, minivault_4
D:3:      layout_loops_corners, mainiacjoe_overflow_small_starburst, uniq_robin,
          uniq_sigmund, uniq_grinder
D:4:      layout_cave_pools, minmay_temple_entry_nine_rooms, uniq_ijyb
D:5:      layout_layer_cave, kennysheep_mini_moat,
          mainiacjoe_overflow_boulevard, serial_bayou_pond_b,
          minmay_misc_feat_columns, minmay_misc_feat_doors,
          minmay_misc_feat_rugged, lemuel_flame_loot_1
D:6:      layout_loops_corners, hangedman_ru_absence,
          nicolae_ossuary_entry_false_entrances, uniq_menkaure, uniq_eustachio
D:7:      layout_basic, kennysheep_generic_room_12
D:8:      layout_rooms, eino_tiny_chamber, minivault_10
D:9:      layout_long_grid, uniq_pikel
D:10:     layout_basic, mainiacjoe_overflow_large_starburst, orc_0_dummy,
          hangedman_weighted_door, minmay_microvault
D:11:     layout_long_grid, dpeg_lair_monsters, nzn_makhleb_speed_demon
Temple:   minmay_temple_bridge_d
Lair:1:   layout_chaotic_city, lemuel_oklob_altar, grunt_megastairs_4
Lair:2:   layout_gridlike, lemuel_centaur_altar, uniq_fannar
Lair:3:   layout_cave_pods, swamp_mist_pool, nicolae_spider_entry_non_spiders,
          infiniplex_staircase_pool_2, uniq_snorg, uniq_gastronok
Lair:4:   layout_gridlike, minmay_slime_entry_oklob_enclosed,
          nicolae_lair_grove_arrangements, chequers_serial_rivers_small_b,
          serial_bayou_shore_a
Lair:5:   cheibrodos_lair_end_hotspot, layout_gridlike, uniq_josephine
Orc:1:    layout_diamond_mine, serial_shops, shop, sword_in_stone
Orc:2:    kennysheep_orc_mage_school, layout_caves

Notes
Turn   | Place    | Note
-------+----------+-------------------------------------------
     0 | D:1      | browni3141 the Troll Cinder Acolyte began the quest for the
                  | Orb.
     0 | D:1      | Reached XP level 1. HP: 22/22 MP: 1/1
   310 | D:1      | Reached XP level 2. HP: 26/29 MP: 2/2
   692 | D:1      | Reached skill level 4 in Unarmed Combat
   706 | D:1      | Reached XP level 3. HP: 36/36 MP: 3/3
  1078 | D:2      | Found a faded altar of an unknown god.
  1229 | D:2      | Reached XP level 4. HP: 44/44 MP: 4/4
  1709 | D:3      | Reached skill level 3 in Fighting
  1758 | D:3      | Noticed Sigmund
  1766 | D:3      | Killed Sigmund
  1767 | D:3      | Reached skill level 5 in Unarmed Combat
  1767 | D:3      | Reached skill level 2 in Evocations
  1767 | D:3      | Reached XP level 5. HP: 53/53 MP: 5/5
  1767 | D:3      | Reached XP level 6. HP: 61/61 MP: 6/6
  1792 | D:3      | Found a shadowy altar of Dithmenos.
  1865 | D:3      | Noticed Grinder
  1879 | D:3      | Killed Grinder
  1880 | D:3      | Reached skill level 3 in Evocations
  1880 | D:3      | Reached skill level 6 in Unarmed Combat
  2047 | D:3      | Noticed Robin
  2088 | D:3      | Killed Robin
  2359 | D:3      | Reached XP level 7. HP: 67/67 MP: 7/7
  2578 | D:4      | Noticed Ijyb
  2585 | D:4      | Killed Ijyb
  2981 | D:4      | Found a staircase to the Ecumenical Temple.
  3116 | D:5      | Entered Level 5 of the Dungeon
  3133 | D:5      | Identified a scarf of resistance
  3206 | Temple   | Entered the Ecumenical Temple
  3589 | D:5      | Reached skill level 7 in Unarmed Combat
  3710 | D:5      | Found a shimmering blue altar of Sif Muna.
  4117 | D:5      | Reached skill level 8 in Unarmed Combat
  4359 | D:5      | Reached skill level 4 in Fighting
  4359 | D:5      | Reached XP level 8. HP: 64/78 MP: 8/8
  4395 | D:5      | Found a sparkling altar of Nemelex Xobeh.
  4950 | D:6      | Found a sacrificial altar of Ru.
  4950 | D:6      | Noticed Eustachio
  4959 | D:6      | Reached skill level 5 in Fighting
  5014 | D:6      | Killed Eustachio
  5195 | D:6      | Found a sand-covered staircase.
  5265 | Ossuary  | Entered an ossuary
  5311 | Ossuary  | Reached skill level 9 in Unarmed Combat
  5428 | Ossuary  | Reached skill level 10 in Unarmed Combat
  5473 | Ossuary  | Reached XP level 9. HP: 88/88 MP: 9/9
  5756 | D:6      | Noticed Menkaure
  5763 | D:6      | Killed Menkaure
  6223 | D:7      | Reached skill level 6 in Fighting
  6291 | D:7      | Reached skill level 11 in Unarmed Combat
  6836 | D:7      | Reached skill level 1 in Shields
  7143 | D:8      | Reached skill level 12 in Unarmed Combat
  7161 | D:8      | Reached skill level 2 in Shields
  7285 | D:8      | Reached XP level 10. HP: 97/98 MP: 10/10
  7303 | D:8      | Reached skill level 3 in Shields
  7384 | D:8      | Reached skill level 4 in Shields
  8023 | D:9      | Reached skill level 5 in Shields
  8608 | D:9      | Noticed Pikel
  8785 | D:9      | Killed Pikel
  8786 | D:9      | Reached skill level 6 in Shields
  8966 | D:10     | Entered Level 10 of the Dungeon
  8966 | D:10     | Found a bloodstained altar of Trog.
  8969 | D:10     | Noticed a two-headed ogre
  8981 | D:10     | Killed a two-headed ogre
  8982 | D:10     | Reached skill level 7 in Shields
  8998 | D:9      | Reached skill level 8 in Shields
  9090 | D:10     | Found a white marble altar of Elyvilon.
  9202 | D:10     | Reached skill level 9 in Shields
  9202 | D:10     | Reached XP level 11. HP: 84/105 MP: 11/11
  9466 | D:10     | Found a staircase to the Orcish Mines.
 10070 | D:11     | Reached skill level 10 in Shields
 10341 | D:11     | Noticed a death yak
 10341 | D:11     | Noticed a death yak
 10565 | D:11     | Found a staircase to the Lair.
 10577 | D:11     | Noticed a death yak
 10615 | D:11     | Killed a death yak
 10622 | D:11     | Reached skill level 7 in Fighting
 10677 | D:11     | Found a runed translucent door.
 10678 | D:11     | Found a burning altar of Makhleb.
 10678 | D:11     | Noticed a sixfirhy
 10856 | Lair:1   | Entered Level 1 of the Lair of Beasts
 10995 | Lair:1   | Reached skill level 13 in Unarmed Combat
 11154 | Lair:1   | Identified the +0 ring mail "Ciyt" {Fly rElec Int+2 Slay+3}
 11353 | Lair:1   | Found a radiant altar of Vehumet.
 11353 | Lair:1   | Noticed an oklob plant
 11899 | Lair:2   | Reached skill level 1 in Throwing
 11992 | Lair:2   | Reached XP level 12. HP: 119/119 MP: 12/12
 12016 | Lair:2   | Found the +0 pair of fencer's gloves {Riposte Dex+3}
 12062 | Lair:2   | Reached skill level 8 in Fighting
 12117 | Lair:2   | Found a bloodstained altar of Trog.
 12342 | Lair:2   | Reached skill level 2 in Throwing
 12459 | Lair:2   | You fall into a shaft and drop 2 floors!
 12676 | Lair:4   | Found a viscous altar of Jiyva.
 12726 | Lair:4   | Noticed a death yak
 12726 | Lair:4   | Noticed a death yak
 12760 | Lair:3   | Reached skill level 3 in Throwing
 12834 | Lair:3   | Found a hole to the Spider Nest.
 12857 | Lair:3   | Noticed a six-headed hydra
 12862 | Lair:3   | Reached skill level 4 in Throwing
 12862 | Lair:3   | Reached skill level 14 in Unarmed Combat
 12865 | Lair:3   | Killed a six-headed hydra
 13004 | Lair:3   | Found a staircase to the Swamp.
 13023 | Lair:3   | Reached skill level 5 in Throwing
 13070 | Lair:3   | Noticed a seven-headed hydra
 13081 | Lair:3   | Killed a seven-headed hydra
 13082 | Lair:3   | Reached skill level 6 in Throwing
 13237 | Lair:3   | Noticed Gastronok
 13249 | Lair:3   | Killed Gastronok
 13250 | Lair:3   | Reached skill level 7 in Throwing
 13326 | Lair:3   | Noticed Snorg
 13335 | Lair:3   | Killed Snorg
 13461 | Lair:3   | Reached skill level 8 in Throwing
 13929 | Lair:2   | Noticed Fannar
 13945 | Lair:2   | Killed Fannar
 13962 | Lair:2   | Identified the +2 robe of Ru's Envy {Str+4}
 14119 | Lair:4   | Noticed a death yak
 14139 | Lair:3   | Killed a death yak
 14140 | Lair:3   | Reached skill level 9 in Throwing
 14140 | Lair:3   | Reached XP level 13. HP: 124/127 MP: 13/13
 14461 | Lair:4   | Identified the +1 robe of Iwurrenep {rC- rN+++ Dex+5}
 14709 | Lair:5   | Entered Level 5 of the Lair of Beasts
 14719 | Lair:4   | Reached skill level 10 in Throwing
 15094 | Lair:5   | Reached skill level 11 in Throwing
 15882 | Lair:4   | HP: 5/127 [black mamba (8)]
 15883 | Lair:4   | HP: 1/127 [poisoned by a black mamba]
 15884 | Lair:4   | Reached skill level 12 in Throwing
 16303 | Temple   | Fell from the grace of Ignis
 16303 | Temple   | Became a worshipper of Hepliaklqana the Forgotten
 16610 | Orc:1    | Entered Level 1 of the Orcish Mines
 16638 | D:10     | Reached skill level 1 in Invocations
 16744 | Orc:1    | Reached skill level 2 in Invocations
 16882 | Orc:1    | HP: 9/127 [fire elemental[the fiery vengeance of Ignis]
                  | (10)]
 16927 | Orc:1    | You fall into a shaft and drop 1 floor!
 16927 | Orc:2    | Entered Level 2 of the Orcish Mines
 17075 | Orc:2    | Found a staircase to the Elven Halls.
 17098 | Orc:2    | Reached skill level 3 in Invocations
 17682 | Orc:1    | Noticed Urug
 17694 | Orc:1    | Reached skill level 4 in Invocations
 17710 | Orc:1    | Killed Urug
 17814 | Orc:1    | Reached * piety under Hepliaklqana
 17855 | Orc:1    | Found Hasuxe's Jewellery Emporium.
 17861 | Orc:1    | Bought a ring of willpower for 350 gold pieces
 18174 | Orc:2    | Reached skill level 5 in Invocations
 18246 | Orc:2    | Found Ceah's Jewellery Boutique.
 18352 | Orc:2    | Noticed Nergalle
 18353 | Orc:2    | Found an ancient bone altar of Kikubaaqudgha.
 18388 | Orc:2    | Slain by a spectral orc warlord

Vanquished Creatures
  Gastronok (Lair:3)
  Snorg (Lair:3)
  Fannar (Lair:2)
  3 hydras
  A two-headed ogre (D:10)
  5 death yaks
  Urug (Orc:1)
  A fire crab (Lair:3)
  Pikel (D:9)
  An orc knight (Orc:1)
  4 orc sorcerers
  2 cyclopes
  7 elephants
  7 black mambas
  A gargoyle (D:11)
  11 cane toads
  2 centaur skeletons (D:10)
  A demonic crawler (Lair:3)
  4 komodo dragons
  5 rime drakes
  A freezing wraith (D:10)
  A polar bear (Lair:5)
  A hornet (Lair:2)
  7 trolls
  Grinder (D:3)
  6 blink frogs
  Sigmund (D:3)
  A centaur simulacrum (D:10)
  A shadow (D:11)
  2 wraiths
  Eustachio (D:6)
  2 fire elementals (Orc:1)
  24 yaks
  10 wyverns
  4 basilisks
  6 steam dragons
  Menkaure (D:6)
  10 water moccasins
  14 orc warriors
  An ice beast (D:6)
  A black bear (D:6)
  6 ogres
  14 wolves
  4 lemures
  6 centaurs
  A kobold brigand (D:9)
  A phantom (D:6)
  10 bullfrogs
  6 gnoll sergeants
  17 scorpions
  7 wights
  7 killer bees
  5 howler monkeys
  3 human zombies (Ossuary)
  2 hounds (D:5)
  12 orc priests
  A jelly (D:8)
  8 scorpion zombies (Ossuary)
  4 iguanas (D:5)
  Ijyb (D:4)
  16 orc wizards
  4 hell rats (Lair:1)
  3 mummies (Ossuary)
  Robin (D:3)
  22 gnolls
  A howler monkey skeleton (D:10)
  7 adders
  A shadow imp (D:5)
  4 white imps
  2 ufetubi
  8 dart slugs
  49 orcs
  6 ball pythons
  7 bats
  3 endoplasms
  6 giant cockroaches
  A gnoll zombie (Ossuary)
  14 goblins
  6 hobgoblins
  9 jackals
  12 kobolds
  3 quokkas (D:1)
  5 frilled lizards
  A goblin zombie (Ossuary)
  A hobgoblin zombie (Ossuary)
  3 kobold zombies (Ossuary)
  2 rats
468 creatures vanquished.

Vanquished Creatures (collateral kills)
  An ogre (Orc:2)
  3 orc wizards
  An orc (Orc:1)
  7 foxfires (Lair:4)
12 creatures vanquished.

Vanquished Creatures (others)
  An ancestor (Orc:1)
  A centaur zombie (D:10)
  A jelly (D:5)
  An orc wizard (Orc:1)
  An orc (D:5)
  141 foxfires
  19 fungi
  23 plants
188 creatures vanquished.

Grand Total: 668 creatures vanquished

Table legend: (Time is in decaauts)
 A = Elapsed time spent in this place.
 B = Non-inter-level travel time spent in this place.
 C = Inter-level travel time spent in this place.
 D = Time resting spent in this place.
 E = Time spent auto-exploring this place.
 F = Levels seen in this place.
 G = Mean time per level.
                   A        B        C        D        E       F      G
               +--------+--------+--------+--------+--------+-----+--------+
         Total |  18202 |  16989 |   1213 |    832 |  11352 |  20 |  910.1 |
       Dungeon |  10745 |   9972 |    773 |    293 |   7056 |  11 |  976.8 |
        Temple |    378 |    235 |    143 |      0 |    214 |   1 |  378.0 |
          Lair |   5067 |   4873 |    194 |    321 |   3229 |   5 | 1013.4 |
  Orcish Mines |   1701 |   1598 |    103 |    210 |    695 |   2 |  850.5 |
       Ossuary |    310 |    310 |      0 |      6 |    157 |   1 |  310.0 |
               +--------+--------+--------+--------+--------+-----+--------+

Top non-repeatable levels by time:
     D:5: 1409 daAuts
  Lair:3: 1154 daAuts
  Lair:5: 1118 daAuts
    D:10: 1110 daAuts
     D:6: 1103 daAuts
     D:9: 1069 daAuts
     D:7: 1000 daAuts
  Lair:2: 993 daAuts
  Lair:4: 915 daAuts
     D:3: 913 daAuts
    D:11: 903 daAuts
  Lair:1: 885 daAuts
     D:8: 879 daAuts
   Orc:1: 860 daAuts
   Orc:2: 841 daAuts

Table legend:
 A = Non-vault XP
 B = Vault XP
 C = Vault XP percentage of total XP
 D = Non-vault monster count
 E = Vault monster count
 F = Vault count percentage of total count
                 A         B        C        D         E       F
            +---------+---------+-------+---------+---------+-------
      Total |   45143 |   16868 |  27.2 |     360 |     109 |  23.2
            +---------+---------+-------+---------+---------+-------
        D:1 |      57 |       7 |  10.9 |      23 |       4 |  14.8
        D:2 |      32 |      14 |  30.4 |       9 |       2 |  18.2
        D:3 |      81 |     554 |  87.2 |      23 |      15 |  39.5
        D:4 |      40 |      36 |  47.4 |      12 |       1 |   7.7
        D:5 |     536 |     121 |  18.4 |      15 |       4 |  21.1
        D:6 |     623 |     373 |  37.4 |      13 |       2 |  13.3
        D:7 |    1327 |     145 |   9.9 |      32 |       2 |   5.9
        D:8 |    1313 |       0 |   0.0 |      26 |       0 |   0.0
        D:9 |    1641 |     673 |  29.1 |      24 |       1 |   4.0
       D:10 |    3251 |    1451 |  30.9 |      24 |       6 |  20.0
       D:11 |    3469 |    1780 |  33.9 |      16 |       5 |  23.8
     Lair:1 |    1624 |     588 |  26.6 |      12 |       2 |  14.3
     Lair:2 |    3391 |    1350 |  28.5 |      19 |       5 |  20.8
     Lair:3 |   11629 |    3245 |  21.8 |      24 |      10 |  29.4
     Lair:4 |    2592 |     476 |  15.5 |      12 |       1 |   7.7
     Lair:5 |    8988 |    1571 |  14.9 |      29 |       5 |  14.7
      Orc:1 |    3845 |    1793 |  31.8 |      41 |       5 |  10.9
      Orc:2 |     704 |    1460 |  67.5 |       6 |      10 |  62.5
    Ossuary |       0 |    1231 | 100.0 |       0 |      29 | 100.0
            +---------+---------+-------+---------+---------+-------
